 Dungeon Crawl Stone Soup version 0.31-a0-703-gcfe89afef6 (webtiles) character file.

Game seed: 11469703513313563646

3221 qw the Skirmisher (level 9, -15/57 HPs)
             Began as a Gargoyle Hunter on Sept 8, 2023.
             Was a Believer of Okawaru.
             Demolished by Snorg (20 damage)
             ... on level 10 of the Dungeon.
             The game lasted 00:02:37 (6683 turns).

qw the Skirmisher (Gargoyle Hunter)                 Turns: 6683, Time: 00:02:38

Health: -15/57     AC: 18    Str: 22      XL:     9   Next: 97%
Magic:  11/12      EV: 16    Int:  9      God:    Okawaru [**....]
Gold:   538        SH:  5    Dex: 21 (23) Spells: 8/8 levels left

rFire   . . .        Y - +0 orcbow
rCold   . . .        (shield currently unavailable)
rNeg    + + .        l - +2 ring mail {rN+}
rPois   inf          (helmet restricted)
rElec   +            (no cloak)
rCorr   .            c - +2 pair of gloves
SInv    .            (no boots)
Will    .....        n - amulet of reflection
Stlth   +++          h - +6 ring of dexterity
HPRegen 0.29/turn    m - +6 ring of strength
MPRegen 0.13/turn

%: reflection, clarity
@: about to teleport, heroic
A: sickness immunity, AC +6, negative energy resistance 1, electricity
resistance, torment resistance 1, petrification resistance, antennae 1, clarity
a: Renounce Religion, Heroism


You were on level 10 of the Dungeon.
You worshipped Okawaru.
Okawaru was pleased with you.
You visited 2 branches of the dungeon, and saw 9 of its levels.

You collected 538 gold pieces.


Innate Abilities, Weirdness & Mutations

You are immune to sickness and miasma.
Your stone body is resilient. (AC +6)
You are immune to poison.
You resist negative energy. (rN+)
You are resistant to electric shocks. (rElec)
You are resistant to unholy torment.
You are immune to petrification.
You have a pair of small antennae on your head.
You possess an exceptional clarity of mind.


   Skills:
 + Level 7.3(12.3) Fighting
 - Level 11.0(16.0) Ranged Weapons
 - Level 4.1(9.1) Armour
 - Level 3.1(8.1) Dodging
 - Level 1.1(6.1) Stealth
 - Level 4.0 Invocations


You had 8 spell levels left.
You didn't know any spells.
Your spell library was empty.

Inventory:

Hand Weapons
 Y - a +0 orcbow (weapon)
Armour
 c - a +2 pair of gloves (worn)
 l - a +2 ring mail of positive energy (worn)
Jewellery
 h - a +6 ring of dexterity (left hand)
 m - a +6 ring of strength (right hand)
 n - an amulet of reflection (around neck)
Scrolls
 a - a scroll of revelation {unknown}
 b - 2 scrolls of identify
 e - a scroll of fog {unknown}
 k - 3 scrolls of teleportation
 p - a scroll of fear {unknown}
Potions
 d - a potion of magic {unknown}
 f - a potion of curing
 g - a potion of brilliance {unknown}
 i - a potion of mutation
 j - a potion of heal wounds {unknown}
 o - a potion of haste {unknown}
 q - a potion of enlightenment {unknown}

Dungeon Overview and Level Annotations

Branches:
Dungeon (7/15)             Temple (1/1) D:4

Altars:
Ashenzari
Dithmenos
Elyvilon
Fedhas
Gozag
Hepliaklqana
Kikubaaqudgha
Makhleb
Nemelex Xobeh
Okawaru
Ru
Sif Muna
Trog
Uskayaw
Vehumet
Wu Jian
Xom
Yredelemnul
Zin
The Shining One

Annotations:
D:10 Snorg


Message History

You shoot an arrow. The arrow closely misses Snorg.
You shoot an arrow. The arrow closely misses Snorg.
Snorg goes berserk!
You shoot an arrow. The arrow hits Snorg!
Snorg is heavily wounded.
You shoot an arrow. The arrow completely misses Snorg.
You shoot an arrow. The arrow hits Snorg!
Snorg is heavily wounded.
Snorg barely misses you. Snorg claws you but does no damage.
Snorg barely misses you. Snorg bites you but does no damage. Snorg claws you!
Snorg barely misses you.
You shoot an arrow. The arrow hits Snorg!
Snorg is severely wounded.
Snorg bites you! Snorg claws you but does no damage. Snorg closely misses you.
You shoot an arrow. The arrow hits Snorg!
Snorg is severely wounded.
Snorg bites you but does no damage. Snorg claws you but does no damage.
Snorg misses you.
You shoot an arrow. The arrow hits Snorg!
Snorg is almost dead.
Snorg misses you. Snorg claws you. You block Snorg's attack.
You shoot an arrow. The arrow hits Snorg.
Snorg is almost dead.
Snorg misses you. Snorg claws you but does no damage. Snorg closely misses you.
You shoot an arrow. The arrow closely misses Snorg.
You block Snorg's attack. Snorg barely misses you.
Snorg claws you but does no damage.
You shoot an arrow. The arrow hits Snorg.
Snorg is almost dead.
You block Snorg's attack. Snorg completely misses you.
Snorg closely misses you.
You shoot an arrow. The arrow hits Snorg!
Snorg is almost dead.
Snorg misses you. Snorg claws you but does no damage. x2
You shoot an arrow. The arrow completely misses Snorg.
Snorg bites you! Snorg claws you! Snorg misses you.
6683 ||| READING 4 scrolls of teleportation.
As you read the scroll of teleportation, it crumbles to dust.
You feel strangely unstable. Snorg bites you!!
You die...

..)...... .....
#..#..#####.......#
..................#
(..##.##.##.......##
#..##.##.##........
#.................###..#
#..##.##...........<....
..................#....#
#...............@T......
.......###.##.....####.#
.....#.# #.##.....#
.....#.###.##.....###
.....+................
.. #............####
##.###........... ...#
###......### ##..##
#.......##


You could see Snorg (berserk).

Vanquished Creatures
  A kobold demonologist (D:10)
  Menkaure (D:6)
  2 water moccasins (D:6)
  An orc warrior (D:7)
  2 ice beasts
  A sky beast (D:6)
  2 black bears (D:6)
  4 ogres
  3 centaurs
  2 kobold brigands (D:6)
  3 scorpions
  A gnoll sergeant (D:6)
  5 killer bees (D:7)
  2 jellies
  7 hounds
  5 orc priests
  A gnoll bouda (D:6)
  3 iguanas
  A sleepcap (D:6)
  5 orc wizards
  5 gnolls (D:6)
  6 adders
  2 worms
  17 orcs
  11 endoplasms
  A giant cockroach (D:2)
  20 hobgoblins
  4 jackals (D:1)
  5 quokkas
  7 ball pythons
  5 bats
  4 frilled lizards
  9 goblins
  11 kobolds
  8 rats
167 creatures vanquished.

Notes
Turn   | Place    | Note
-------+----------+-------------------------------------------
     0 | D:1      | qw the Gargoyle Hunter began the quest for the Orb.
     0 | D:1      | Reached XP level 1. HP: 12/12 MP: 1/1
     0 | D:1      | 0 ||| qw: Version: 0.3-a-76-g4403597
     0 | D:1      | 0 ||| qw: Game counter: 1282
     0 | D:1      | 0 ||| qw: Melee chars always use a shield: true
     0 | D:1      | 0 ||| qw: God list: Okawaru
     0 | D:1      | 0 ||| qw: Allow faded altars: false
     0 | D:1      | 0 ||| qw: Do Orc after clearing Dungeon:15 true
     0 | D:1      | 0 ||| qw: Do second Lair branch before Depths: true
     0 | D:1      | 0 ||| qw: Lair rune preference: random
     0 | D:1      | 0 ||| qw: Goals: Normal
     0 | D:1      | 0 ||| PLANNING D:1-11
   267 | D:1      | Reached XP level 2. HP: 14/17 MP: 2/2
   945 | D:1      | 945 ||| UPGRADING to +0 ring mail.
   955 | D:1      | 955 ||| DROPPING +0 leather armour.
   956 | D:1      | 956 ||| READING scroll labelled YHAECI RACIMOU.
   957 | D:1      | 957 ||| READING scroll labelled CEV XEDULUN.
   958 | D:1      | 958 ||| READING scroll labelled ZITREI UTRIGE.
   959 | D:1      | 959 ||| READING scroll labelled HEGEMA ASOCIZE.
   962 | D:1      | 962 ||| DROPPING scroll of butterflies.
  1061 | D:2      | Reached skill level 1 in Armour
  1075 | D:2      | Reached XP level 3. HP: 21/21 MP: 3/3
  1367 | D:2      | Reached skill level 5 in Ranged Weapons
  1826 | D:2      | 1826 ||| UPGRADING to +6 ring of dexterity.
  1827 | D:2      | 1827 ||| READING scroll labelled OCZYNT TEINANG.
  1828 | D:2      | 1828 ||| READING 2 scrolls labelled YDIWOSH FOATREUF.
  1829 | D:2      | 1829 ||| READING scroll of enchant weapon.
  1829 | D:2      | 1829 ||| ENCHANTING +1 shortbow of freezing.
  1830 | D:2      | 1830 ||| READING scroll labelled VAATOMESK.
  1831 | D:2      | 1831 ||| DRINKING 2 purple potions.
  2065 | D:3      | 2065 ||| READING scroll of enchant weapon.
  2065 | D:3      | 2065 ||| ENCHANTING +2 shortbow of freezing.
  2115 | D:3      | Reached XP level 4. HP: 27/27 MP: 4/4
  2164 | D:3      | Reached skill level 3 in Fighting
  2190 | D:3      | 2190 ||| FLEEEEING.
  2815 | D:3      | 2815 ||| UPGRADING to +0 pair of gloves.
  2820 | D:3      | 2820 ||| DRINKING 2 sapphire potions.
  2848 | D:3      | 2848 ||| DROPPING potion of lignification.
  2906 | D:4      | 2906 ||| STAIRDANCE
  2910 | D:4      | 2910 ||| STAIRDANCE
  2949 | D:4      | Reached XP level 5. HP: 32/32 MP: 5/5
  3033 | D:4      | 3033 ||| Stepping ~*~*~tactically~*~*~ (retreating).
  3034 | D:4      | 3034 ||| Stepping ~*~*~tactically~*~*~ (retreating).
  3035 | D:4      | 3035 ||| Stepping ~*~*~tactically~*~*~ (retreating).
  3036 | D:4      | 3036 ||| Stepping ~*~*~tactically~*~*~ (retreating).
  3037 | D:4      | 3037 ||| Stepping ~*~*~tactically~*~*~ (retreating).
  3038 | D:4      | 3038 ||| Stepping ~*~*~tactically~*~*~ (retreating).
  3041 | D:4      | Reached skill level 6 in Ranged Weapons
  3052 | D:4      | Reached XP level 6. HP: 15/39 MP: 6/6
  3165 | D:4      | Found a glowing golden altar of the Shining One.
  3203 | D:4      | Found a staircase to the Ecumenical Temple.
  3204 | D:4      | 3204 ||| PLANNING TEMPLE
  3208 | D:4      | 3208 ||| DROPPING ring of wizardry.
  3217 | Temple   | Entered the Ecumenical Temple
  3218 | Temple   | 3218 ||| PLANNING OKAWARU WORSHIP
  3271 | Temple   | Became a worshipper of Warmaster Okawaru
  3272 | Temple   | 3272 ||| PLANNING D:1-11
  3380 | D:4      | Reached XP level 7. HP: 26/44 MP: 7/7
  3464 | D:4      | 3464 ||| SWAPPING to +0 orcbow.
  3468 | D:4      | 3468 ||| DROPPING +3 shortbow of freezing.
  3522 | D:4      | 3522 ||| Stepping ~*~*~tactically~*~*~ (outnumbered).
  3527 | D:4      | Reached skill level 7 in Ranged Weapons
  3528 | D:4      | HP: 7/44 [orc priest/divine providence (12)]
  3529 | D:4      | 3529 ||| READING 2 scrolls of teleportation.
  3856 | D:4      | 3856 ||| UPGRADING to +2 ring mail of positive energy.
  3866 | D:4      | 3866 ||| DROPPING +0 ring mail.
  3867 | D:4      | 3867 ||| UPGRADING to +6 ring of strength.
  3868 | D:4      | 3868 ||| DRINKING 2 sedimented grey potions.
  3973 | D:4      | 3973 ||| DROPPING potion of berserk rage.
  3991 | D:5      | Entered Level 5 of the Dungeon
  4070 | D:5      | 4070 ||| FLEEEEING.
  4170 | D:5      | 4170 ||| READING scroll of enchant armour.
  4170 | D:5      | 4170 ||| ENCHANTING +0 pair of gloves.
  4471 | D:5      | Reached skill level 8 in Ranged Weapons
  4501 | D:5      | Reached * piety under Okawaru
  4598 | D:5      | Found a bloodstained altar of Trog.
  4601 | D:5      | 4601 ||| Stepping ~*~*~tactically~*~*~ (outnumbered).
  4603 | D:5      | 4603 ||| Stepping ~*~*~tactically~*~*~ (outnumbered).
  4605 | D:5      | 4605 ||| Stepping ~*~*~tactically~*~*~ (outnumbered).
  4649 | D:5      | 4649 ||| READING scroll labelled FEEHUR ORCHUSS.
  4769 | D:6      | Reached skill level 1 in Invocations
  4769 | D:6      | Reached XP level 8. HP: 44/49 MP: 7/9
  4970 | D:6      | Found an opulent altar of Gozag.
  4978 | D:6      | 4978 ||| INVOKING Heroism.
  5132 | D:6      | Noticed Menkaure
  5133 | D:6      | 5133 ||| INVOKING Heroism.
  5139 | D:6      | Killed Menkaure
  5140 | D:6      | Reached skill level 3 in Invocations
  5168 | D:6      | 5168 ||| INVOKING Heroism.
  5173 | D:6      | 5173 ||| Stepping ~*~*~tactically~*~*~ (retreating).
  5174 | D:6      | 5174 ||| Stepping ~*~*~tactically~*~*~ (retreating).
  5175 | D:6      | 5175 ||| Stepping ~*~*~tactically~*~*~ (retreating).
  5176 | D:6      | 5176 ||| Stepping ~*~*~tactically~*~*~ (retreating).
  5177 | D:6      | 5177 ||| Stepping ~*~*~tactically~*~*~ (retreating).
  5178 | D:6      | 5178 ||| Stepping ~*~*~tactically~*~*~ (retreating).
  5179 | D:6      | 5179 ||| Stepping ~*~*~tactically~*~*~ (retreating).
  5180 | D:6      | 5180 ||| Stepping ~*~*~tactically~*~*~ (retreating).
  5181 | D:6      | 5181 ||| Stepping ~*~*~tactically~*~*~ (retreating).
  5182 | D:6      | 5182 ||| Stepping ~*~*~tactically~*~*~ (retreating).
  5183 | D:6      | 5183 ||| Stepping ~*~*~tactically~*~*~ (retreating).
  5184 | D:6      | 5184 ||| Stepping ~*~*~tactically~*~*~ (retreating).
  5185 | D:6      | 5185 ||| Stepping ~*~*~tactically~*~*~ (retreating).
  5186 | D:6      | 5186 ||| INVOKING Heroism.
  5262 | D:6      | Reached skill level 9 in Ranged Weapons
  5311 | D:6      | Reached skill level 3 in Dodging
  5322 | D:6      | 5322 ||| INVOKING Heroism.
  5347 | D:6      | Reached skill level 6 in Fighting
  5347 | D:6      | Reached XP level 9. HP: 21/56 MP: 12/12
  5355 | D:6      | 5355 ||| FLEEEEING.
  5534 | D:6      | 5534 ||| READING scroll of enchant armour.
  5534 | D:6      | 5534 ||| ENCHANTING +1 pair of gloves.
  5568 | D:6      | 5568 ||| INVOKING Heroism.
  5575 | D:6      | Reached ** piety under Okawaru
  5948 | D:6      | 5948 ||| INVOKING Heroism.
  5955 | D:6      | Reached skill level 10 in Ranged Weapons
  6187 | D:6      | 6187 ||| UPGRADING to amulet of the acrobat.
  6192 | D:6      | 6192 ||| UPGRADING to amulet of reflection.
  6202 | D:6      | 6202 ||| DROPPING amulet of the acrobat.
  6203 | D:6      | 6203 ||| READING scroll labelled JUEPLO AWEAL.
  6204 | D:6      | 6204 ||| DRINKING 2 fizzy purple potions.
  6205 | D:6      | 6205 ||| DRINKING 2 yellow potions.
  6206 | D:6      | 6206 ||| DRINKING 2 potions of curing.
  6206 | D:6      | 6206 ||| (to cure confusion)
  6207 | D:6      | 6207 ||| DRINKING 2 smoky white potions.
  6207 | D:6      | Gained mutation: You possess an exceptional clarity of
                  | mind. [potion of mutation]
  6207 | D:6      | Gained mutation: You have a pair of small antennae on your
                  | head. [potion of mutation]
  6208 | D:6      | 6208 ||| DROPPING potion of degeneration.
  6209 | D:6      | 6209 ||| DROPPING potion of ambrosia.
  6304 | D:7      | 6304 ||| INVOKING Heroism.
  6314 | D:7      | 6314 ||| Stepping ~*~*~tactically~*~*~ (retreating).
  6315 | D:7      | 6315 ||| Stepping ~*~*~tactically~*~*~ (retreating).
  6317 | D:7      | 6317 ||| Stepping ~*~*~tactically~*~*~ (retreating).
  6318 | D:7      | 6318 ||| Stepping ~*~*~tactically~*~*~ (retreating).
  6319 | D:7      | 6319 ||| Stepping ~*~*~tactically~*~*~ (retreating).
  6327 | D:7      | 6327 ||| INVOKING Heroism.
  6361 | D:7      | 6361 ||| INVOKING Heroism.
  6366 | D:7      | Reached skill level 11 in Ranged Weapons
  6482 | D:7      | You fall into a shaft and drop 3 floors!
  6482 | D:10     | Entered Level 10 of the Dungeon
  6502 | D:10     | Noticed a kobold demonologist
  6505 | D:10     | 6505 ||| RETREATING.
  6522 | D:10     | Noticed a hellwing
  6522 | D:10     | Killed a kobold demonologist
  6552 | D:10     | 6552 ||| Stepping ~*~*~tactically~*~*~ (outnumbered).
  6558 | D:10     | 6558 ||| INVOKING Heroism.
  6665 | D:10     | Noticed Snorg
  6666 | D:10     | 6666 ||| INVOKING Heroism.
  6682 | D:10     | HP: 4/57 [Snorg (14)]
  6683 | D:10     | 6683 ||| READING 4 scrolls of teleportation.
  6683 | D:10     | Demolished by Snorg

Levels and vault maps discovered:
D:1:      beargit_arrival_diablo_church, layout_loops_corners,
          chequers_serial_rivers_room_b, hangedman_decor_peaks_small,
          minivault_27, nicolae_concentric_dashed_squares_wild,
          minmay_tiny_reverse_x
D:2:      layout_basic, minmay_lizard_pond
D:3:      wad_river_or_something, layout_basic
D:4:      minmay_inner_zag, layout_cave_pools, amcnicky_altar_gilded,
          minmay_temple_entry_overgrown
D:5:      layout_rooms, trog_hazing_becter
D:6:      kennysheep_housing_project, layout_layer_cave,
          mainiacjoe_overflow_chevrons, chequers_serial_rivers_room_a,
          minmay_misc_feat_encased, uniq_menkaure
D:7:      layout_rooms
D:10:     layout_basic, lair_entry_dummy, orc_0_dummy, uniq_snorg, uniq_nergalle
Temple:   minmay_crystal_spiral_temple

Skill      XL: |  1  2  3  4  5  6  7  8  9 |
---------------+----------------------------+-----
Armour         | 1 2 4 |  4.1
Ranged Weapons | 5 6 8 9 11 | 11.0
Fighting       | 3 4 5 6 7 |  7.3
Dodging        | 2 3 |  3.1
Invocations    | 1 4 |  4.0
Stealth        | |  1.1

Action                     |  1- 3 |  4- 6 |  7- 9 || total
---------------------------+-------+-------+-------++-------
   Fire: Shortbow          |   109 |    83 |       ||   192
         Orcbow            |       |       |   369 ||   369
 Invoke: Heroism           |       |       |    12 ||    12
    Use: Scroll            |     9 |       |     6 ||    15
         Potion            |     1 |     1 |     5 ||     7
 Armour: Leather armour    |    20 |       |       ||    20
         Ring mail         |     9 |    38 |   140 ||   187
  Dodge: Dodged            |    29 |    20 |   162 ||   211
  Block: Other             |       |       |    11 ||    11

Table legend:
 A = Non-vault XP
 B = Vault XP
 C = Vault XP percentage of total XP
 D = Non-vault monster count
 E = Vault monster count
 F = Vault count percentage of total count
                 A         B        C        D         E       F
            +---------+---------+-------+---------+---------+-------
      Total |    3326 |    1276 |  27.7 |     111 |      56 |  33.5
            +---------+---------+-------+---------+---------+-------
        D:1 |      21 |       2 |   8.7 |      11 |       2 |  15.4
        D:2 |      34 |       3 |   8.1 |      13 |       3 |  18.8
        D:3 |      36 |      17 |  32.1 |      19 |       9 |  32.1
        D:4 |     486 |     126 |  20.6 |      24 |       5 |  17.2
        D:5 |     441 |      10 |   2.2 |      10 |       6 |  37.5
        D:6 |     999 |    1118 |  52.8 |      16 |      31 |  66.0
        D:7 |     844 |       0 |   0.0 |      13 |       0 |   0.0
       D:10 |     465 |       0 |   0.0 |       5 |       0 |   0.0
            +---------+---------+-------+---------+---------+-------
